[Event "POR Cup Teams 2018-19"]
[Site "Maia"]
[Date "2019.07.13"]
[Round "4"]
[White "Hammes, Michael Florian"]
[Black "Fernandes, Antonio"]
[Result "1/2-1/2"]
[ECO "D43"]
[WhiteElo "2342"]
[BlackElo "2376"]
[Annotator "ChessBase"]
[PlyCount "50"]
[EventDate "2018.05.05"]
[EventType "team-tourn"]
[EventCountry "POR"]
[SourceTitle "playchess.com"]
[Source "ChessBase"]
[SourceQuality "1"]
[TimeControl "5400+30"]

1. d4 Nf6 2. c4 c6 3. Nf3 d5 4. Nc3 e6 5. Bg5 Be7 6. e3 Nbd7 7. cxd5 exd5 8. Qc2 Nf8 9. Bd3 Ne6 10. Bxf6 Bxf6 11. O-O g6 12. b4 a6 13. a4 O-O 14. Rab1 Qd6 15. a5 Bd7 16. Na4 Rae8 17. Nc5 Bc8 18. Nd2 Bd8 19. Nxe6 Bxe6 20. Nb3 Re7 21. Qc5 Bc7 22. Qxd6 Bxd6 23. Nc5 Rfe8 24. Rfe1 Bc8 25. Rb2 Kg7 1/2-1/2

[Event "POR Cup Teams 2018-19"]
[Site "Maia"]
[Date "2019.07.13"]
[Round "4"]
[White "Diogo, Vasco"]
[Black "Carneiro, Carlos"]
[Result "1-0"]
[ECO "B30"]
[WhiteElo "2204"]
[BlackElo "2135"]
[Annotator "ChessBase"]
[PlyCount "81"]
[EventDate "2018.05.05"]
[EventType "team-tourn"]
[EventCountry "POR"]
[SourceTitle "playchess.com"]
[Source "ChessBase"]
[SourceQuality "1"]
[TimeControl "5400+30"]

1. e4 c5 2. Nf3 Nc6 3. g3 g6 4. Bg2 Bg7 5. O-O d6 6. c3 e6 7. d4 cxd4 8. cxd4 Nge7 9. Nc3 d5 10. e5 O-O 11. Bf4 h6 12. h4 Nf5 13. Qd2 Kh7 14. Rfe1 b5 15. Rad1 Rb8 16. Bf1 a6 17. Kg2 f6 18. exf6 Qxf6 19. Bxb8 Nxb8 20. Ne5 Nd7 21. f4 Nxe5 22. dxe5 Qe7 23. Ne2 d4 24. Nxd4 Rd8 25. Qf2 Bb7+ 26. Kg1 Rc8 27. Bg2 Bf8 28. Nxf5 gxf5 29. Re2 Qf7 30. Kh2 Bc5 31. Qf1 Rg8 32. Bxb7 Qxb7 33. Red2 Rg7 34. Qg2 Qa7 35. Qf3 Be3 36. Re2 Bd4 37. Qc6 Bf2 38. Rd3 Bg1+ 39. Kg2 Re7 40. Red2 Rg7 41. Rd7 1-0

[Event "POR Cup Teams 2018-19"]
[Site "Maia"]
[Date "2019.07.13"]
[Round "4"]
[White "Martins, Bruno Andre Leite"]
[Black "Figueiredo, Mario"]
[Result "1-0"]
[ECO "B05"]
[WhiteElo "2177"]
[BlackElo "1959"]
[Annotator "ChessBase"]
[PlyCount "68"]
[EventDate "2018.05.05"]
[EventType "team-tourn"]
[EventCountry "POR"]
[SourceTitle "playchess.com"]
[Source "ChessBase"]
[SourceQuality "1"]
[TimeControl "5400+30"]

1. e4 Nf6 2. e5 Nd5 3. d4 d6 4. Nf3 Bg4 5. Bc4 e6 6. h3 Bh5 7. Qe2 Nb6 8. Bb5+ c6 9. Bd3 N8d7 10. exd6 Bxd6 11. Nbd2 Qc7 12. c4 Be7 13. Ne4 O-O-O 14. Be3 c5 15. g4 Bg6 16. Rd1 Rhe8 17. Nc3 Bxd3 18. Qxd3 cxd4 19. Nb5 Qb8 20. Qxd4 Nc5 21. Qf4 Rxd1+ 22. Kxd1 Rd8+ 23. Ke2 a6 24. Qxf7 axb5 25. Qxe7 Ncd7 26. Bxb6 Nxb6 27. Qxe6+ Nd7 28. cxb5 Qa7 29. Rc1+ Kb8 30. Qd6+ Ka8 31. Rc3 Re8+ 32. Kf1 Nb6 33. Ra3 Na4 34. Qf4 Rh8 1-0

[Event "POR Cup Teams 2018-19"]
[Site "Maia"]
[Date "2019.07.13"]
[Round "4"]
[White "Reis, Luis Sousa"]
[Black "Taboas Rodriguez, Daniel"]
[Result "0-1"]
[ECO "E76"]
[WhiteElo "2156"]
[BlackElo "2348"]
[Annotator "ChessBase"]
[PlyCount "70"]
[EventDate "2018.05.05"]
[EventType "team-tourn"]
[EventCountry "POR"]
[SourceTitle "playchess.com"]
[Source "ChessBase"]
[SourceQuality "1"]
[TimeControl "5400+30"]

1. d4 Nf6 2. c4 g6 3. Nc3 Bg7 4. e4 d6 5. f4 O-O 6. Nf3 Na6 7. Bd3 e5 8. fxe5 dxe5 9. d5 Nc5 10. O-O Nxd3 11. Qxd3 Qe7 12. Bg5 h6 13. Bxf6 Bxf6 14. Qe3 Bg7 15. c5 f5 16. Rad1 f4 17. Qf2 Qf7 18. Rd2 g5 19. Rfd1 Bd7 20. b4 a6 21. a4 g4 22. Ne1 Qg6 23. c6 g3 24. Qc5 bxc6 25. dxc6 Bg4 26. Nd5 Qh5 27. Nf3 gxh2+ 28. Kh1 Bxf3 29. gxf3 Qxf3+ 30. Kxh2 Qg3+ 31. Kh1 Qh3+ 32. Kg1 Rf7 33. Ne7+ Kh7 34. Rd7 Bf8 35. Qxe5 Bxe7 0-1

[Event "POR Cup Teams 2018-19"]
[Site "Maia"]
[Date "2019.07.13"]
[Round "4"]
[White "Turta, Stelian"]
[Black "Dias, Paulo"]
[Result "0-1"]
[ECO "A41"]
[WhiteElo "1930"]
[BlackElo "2309"]
[Annotator "ChessBase"]
[PlyCount "118"]
[EventDate "2018.05.05"]
[EventType "team-tourn"]
[EventCountry "POR"]
[SourceTitle "playchess.com"]
[Source "ChessBase"]
[SourceQuality "1"]
[TimeControl "5400+30"]

1. d4 d6 2. Bf4 g6 3. h3 Bg7 4. Nf3 Nc6 5. c3 e5 6. dxe5 dxe5 7. Qxd8+ Kxd8 8. Bg5+ f6 9. Bd2 e4 10. Nd4 Nge7 11. e3 f5 12. Bb5 Ne5 13. Na3 c5 14. Nb3 b6 15. Be2 Be6 16. Rd1 a6 17. c4 Kc7 18. Bc3 N7c6 19. f4 exf3 20. gxf3 Rhg8 21. f4 Nf7 22. Bxg7 Rxg7 23. Bf3 Nd6 24. Nd2 Re8 25. Bxc6 Kxc6 26. Nf3 Nxc4 27. Nxc4 Bxc4 28. Ne5+ Rxe5 29. fxe5 Bxa2 30. Rd6+ Kb5 31. Kf2 Re7 32. Ra1 Bc4 33. h4 Rxe5 34. h5 f4 35. hxg6 fxe3+ 36. Kf3 hxg6 37. Rxg6 e2 38. Re1 a5 39. Kf2 a4 40. Rg4 Kb4 41. Rc1 b5 42. Rg3 Rf5+ 43. Rf3 Rxf3+ 44. Kxf3 Kb3 45. Ke3 Kxb2 46. Kd2 a3 47. Rc2+ Kb3 48. Rc3+ Kb4 49. Rc1 a2 50. Kc2 Bb3+ 51. Kd2 Bd1 52. Ra1 c4 53. Rxa2 c3+ 54. Ke1 Kb3 55. Ra5 b4 56. Rc5 Kb2 57. Rc4 b3 58. Rd4 c2 59. Rd2 Ka3 0-1